[Event "ICC tourney 2556 (25 5)"]
[Site "Internet Chess Club"]
[Date "2021.05.09"]
[Round "6"]
[White "LIM, HAYUL:K05-30151794"]
[Black "BHOOMA, DHIVIJ:K05-16188670"]
[Result "1-0"]
[ICCResult "Black checkmated"]
[WhiteElo "1095"]
[BlackElo "743"]
[Opening "French defense"]
[ECO "C01"]
[NIC "FR.01"]
[Time "13:32:06"]
[PlyCount "139"]
[TimeControl "1500+5"]

1. e4 e6 2. d4 Ne7 3. Nc3 g6 4. Nf3 Bg7 5. Bd3 O-O 6. O-O d6 7. Be3 Nbc6 8.
Qd2 e5 9. d5 Nd4 10. Be2 Nxf3+ 11. Bxf3 c6 12. Bh6 cxd5 13. Bxg7 Kxg7 14.
Nxd5 Nxd5 15. Qxd5 Rb8 16. Rad1 Be6 17. Qxd6 Qa5 18. a3 Bc4 19. Rfe1 Rbd8
20. Qe7 Rxd1 21. Rxd1 Qb5 22. b3 Be2 23. Bxe2 Qxe2 24. Qxe5+ Kg8 25. Qd4
Qxc2 26. b4 Qb3 27. Qd3 Qa4 28. h3 a5 29. bxa5 Qxa5 30. Rb1 b6 31. Qd6 b5
32. Qb4 Qa4 33. Qxa4 bxa4 34. Rb4 Ra8 35. Kf1 Kf8 36. Ke2 Ke7 37. Kd3 Kd6
38. f3 Kc5 39. g4 Rd8+ 40. Ke3 Ra8 41. h4 h6 42. f4 f6 43. f5 gxf5 44. exf5
Re8+ 45. Kf4 Rd8 46. Rxa4 Rd4+ 47. Rxd4 Kxd4 48. a4 Kc5 49. a5 Kb5 50. a6
Kxa6 51. g5 hxg5+ 52. hxg5 fxg5+ 53. Kxg5 Kb7 54. f6 Kc8 55. f7 Kd7 56.
f8=Q Ke6 57. Qc8+ Kd6 58. Qf5 Kc6 59. Qe5 Kb6 60. Qd5 Ka6 61. Qb3 Ka5 62.
Qb7 Ka4 63. Qb6 Ka3 64. Qb5 Ka2 65. Qb4 Ka1 66. Kf4 Ka2 67. Ke3 Ka1 68. Kd2
Ka2 69. Kc2 Ka1 70. Qb2# { Black checkmated } 1-0

[Event "ICC tourney 2556 (25 5)"]
[Site "Internet Chess Club"]
[Date "2021.05.09"]
[Round "6"]
[White "YANG, JON:K05-16665853"]
[Black "GU LIN, BENJAMIN:K05-15976160"]
[Result "0-1"]
[ICCResult "White resigns"]
[WhiteElo "1086"]
[BlackElo "1496"]
[Opening "Ruy Lopez: closed, Bogolyubov variation"]
[ECO "C91"]
[NIC "RL.20"]
[Time "13:33:36"]
[PlyCount "100"]
[TimeControl "1500+5"]

1. e4 e5 2. Nf3 Nc6 3. Bb5 a6 4. Ba4 Nf6 5. O-O b5 6. Bb3 d6 7. c3 Be7 8.
Re1 O-O 9. d4 Bg4 10. Be3 Qd7 11. h3 Bh5 12. Bc2 Rad8 13. Nbd2 Rfe8 14. Nf1
Bf8 15. Ng3 Bg6 16. Nh4 exd4 17. Nxg6 dxe3 18. Nxf8 exf2+ 19. Kxf2 Rxf8 20.
Nf5 Ne7 21. Nd4 Ng6 22. Nf5 Rfe8 23. Qd2 Re5 24. Re2 d5 25. Ng3 dxe4 26.
Qxd7 Rxd7 27. Nxe4 Nxe4+ 28. Rxe4 Rd2+ 29. Ke3 Rxc2 30. Rd1 Rxe4+ 31. Kxe4
Rxb2 32. h4 Rxa2 33. h5 Nf8 34. g4 a5 35. Rd8 c5 36. Kd5 b4 37. cxb4 cxb4
38. Kc4 Rb2 39. Ra8 Ra2 40. Kb3 Rg2 41. Rxa5 Rxg4 42. Rb5 g6 43. h6 Rh4 44.
Rb8 Rxh6 45. Rxb4 Kg7 46. Rf4 f5 47. Kc3 Kf6 48. Kd3 Rh3+ 49. Kd4 Ne6+ 50.
Kd5 Nxf4+ { White resigns } 0-1

[Event "ICC tourney 2556 (25 5)"]
[Site "Internet Chess Club"]
[Date "2021.05.09"]
[Round "6"]
[White "MANIKANDAN, SIDDHARTH:K05-15223658"]
[Black "LUO, WESLEY:K05-16424622"]
[Result "1/2-1/2"]
[ICCResult "Game drawn by repetition"]
[WhiteElo "1445"]
[BlackElo "1673"]
[Opening "Two knights defense"]
[ECO "C59"]
[NIC "KP.01"]
[Time "13:32:32"]
[PlyCount "120"]
[TimeControl "1500+5"]

1. e4 e5 2. Nf3 Nc6 3. Bc4 Nf6 4. Ng5 d5 5. exd5 Na5 6. Bb5+ c6 7. dxc6
bxc6 8. Be2 h6 9. Nf3 e4 10. Ne5 Bd6 11. Ng4 Nd5 12. Ne3 O-O 13. O-O f5 14.
c3 Qg5 15. Nxd5 cxd5 16. d4 Qg6 17. b4 Nc6 18. Bh5 Qf6 19. Qb3 Be6 20. h3
f4 21. Nd2 Qg5 22. Nxe4 Qxh5 23. Nxd6 Bxh3 24. gxh3 Qg6+ 25. Kh2 Qxd6 26.
f3 Rae8 27. Rf2 Ne7 28. Ba3 Qg6 29. Rg1 Qh5 30. b5 Qh4 31. Rfg2 Rf7 32.
Bxe7 Qxe7 33. Qxd5 g5 34. h4 Rd8 35. Qe4 Qxe4 36. fxe4 f3 37. Rf2 Re8 38.
hxg5 Rxe4 39. gxh6+ Kh8 40. Rg7 Rf6 41. Rxa7 Rg4 42. Kh3 Rg8 43. Ra6 Rf5
44. Kh4 Rf4+ 45. Kh5 Rf5+ 46. Kh4 Rf4+ 47. Kh3 Rf5 48. Kh4 Rf4+ 49. Kh5
Rf5+ 50. Kh4 Rf4+ 51. Kh3 Rf5 52. Kh4 Rf4+ 53. Kh5 Rf5+ 54. Kh4 Rf4+ 55.
Kh3 Rf5 56. Kh4 Rf4+ 57. Kh5 Rf5+ 58. Kh4 Rf4+ 59. Kh3 Rf5 60. Kh4 Rf4+ {
Game drawn by repetition } 1/2-1/2

[Event "ICC tourney 2556 (25 5)"]
[Site "Internet Chess Club"]
[Date "2021.05.09"]
[Round "6"]
[White "DAMBAL, SASHA:K05-30022386"]
[Black "ENRIQUEZ, EULALIO:K05-16621387"]
[Result "1-0"]
[ICCResult "Black resigns"]
[WhiteElo "821"]
[BlackElo "1071"]
[Opening "Sicilian defense"]
[ECO "B30"]
[NIC "SI.31"]
[Time "13:31:55"]
[PlyCount "67"]
[TimeControl "1500+5"]

1. e4 c5 2. Nf3 Nc6 3. Nc3 e5 4. Nd5 Nf6 5. Be2 Nxd5 6. exd5 Nd4 7. Nxe5
Bd6 8. Nf3 O-O 9. Nxd4 cxd4 10. d3 Bb4+ 11. Bd2 Bxd2+ 12. Qxd2 d6 13. Qb4
Qf6 14. O-O Re8 15. Bf3 a5 16. Rae1 Rxe1 17. Rxe1 Bh3 18. Qxb7 Rf8 19. Qb5
g5 20. Re8 Rxe8 21. Qxe8+ Kg7 22. Qe4 h5 23. gxh3 g4 24. hxg4 hxg4 25.
Qxg4+ Kf8 26. h4 Qh6 27. Qg5 Qxg5+ 28. hxg5 Kg7 29. a3 a4 30. b4 axb3 31.
cxb3 Kf8 32. a4 Ke8 33. a5 Kd8 34. Bh5 { Black resigns } 1-0

[Event "ICC tourney 2556 (25 5)"]
[Site "Internet Chess Club"]
[Date "2021.05.09"]
[Round "6"]
[White "PARK, JOSHUA:K05-16451732"]
[Black "SUNDEEP, SASHA:K05-17150715"]
[Result "0-1"]
[ICCResult "White checkmated"]
[WhiteElo "376"]
[BlackElo "481"]
[Opening "Queen's pawn: Chigorin variation"]
[ECO "D00"]
[NIC "QP.08"]
[Time "13:32:19"]
[PlyCount "132"]
[TimeControl "1500+5"]

1. d4 d5 2. Nc3 Nf6 3. Nf3 Nc6 4. e3 Bg4 5. Bb5 Qd6 6. h3 Bxf3 7. Qxf3 e6
8. e4 dxe4 9. Nxe4 Nxe4 10. Qxe4 Be7 11. Bf4 Qd7 12. O-O-O a6 13. Bxc6 bxc6
14. Rhe1 O-O 15. Qf3 Bb4 16. Re2 h6 17. Qg3 Bd6 18. Be5 Bxe5 19. dxe5 Qe7
20. a4 a5 21. Qg4 c5 22. Re3 c6 23. Rg3 g6 24. f4 h5 25. Qe2 Qh4 26. Rg5
Qxf4+ 27. Qd2 Qxd2+ 28. Rxd2 Rad8 29. Rf2 Rd7 30. g4 h4 31. c4 Rd4 32. b3
Rd3 33. Kc2 Rxh3 34. Rd2 Kh7 35. Rd6 Kh6 36. Rxc6 Kxg5 37. Rxc5 Kxg4 38.
Rxa5 Rg3 39. Ra7 h3 40. Rd7 Rg2+ 41. Kc3 Kg3 42. Rd3+ Kh4 43. Rd4+ Kh5 44.
Rd3 h2 45. Rd1 Rg3+ 46. Kd4 Kh4 47. Rh1 Kh3 48. Ke4 Kg2 49. Kf4 Rxb3 50.
Re1 h1=Q 51. Re2+ Kg1 52. Re1+ Kg2 53. Re2+ Kh3 54. Kg5 Qg1+ 55. Kf6 Qf1+
56. Kg7 Qxe2 57. Kxf8 Qxc4 58. Kg7 f5 59. Kf6 f4 60. Kg7 f3 61. Kf6 f2 62.
Kg7 f1=Q 63. Kh6 Qff4+ 64. Kg7 Qc7+ 65. Kxg6 Qf5+ 66. Kh6 Qch7# { White
checkmated } 0-1

[Event "ICC tourney 2556 (25 5)"]
[Site "Internet Chess Club"]
[Date "2021.05.09"]
[Round "6"]
[White "SINGHAL, MEENAKSHI:K05-16551160"]
[Black "ELIZABETH PETER, SARAH:K05-16665770"]
[Result "0-1"]
[ICCResult "White checkmated"]
[WhiteElo "603"]
[BlackElo "954"]
[Opening "French: Two knights variation"]
[ECO "C00"]
[NIC "FR.01"]
[Time "13:31:27"]
[PlyCount "84"]
[TimeControl "1500+5"]

1. e4 e6 2. Nf3 d5 3. Nc3 c5 4. Bb5+ Bd7 5. Bd3 Ne7 6. O-O g6 7. Be2 Bg7 8.
d4 cxd4 9. Nxd4 Nbc6 10. Nf3 O-O 11. Ng5 h6 12. Nh3 d4 13. Nb1 Qc7 14. Bg4
Ne5 15. Bh5 gxh5 16. Qxh5 Kh7 17. Ng5+ Kg8 18. Qh4 hxg5 19. Bxg5 N7g6 20.
Qg3 Qxc2 21. Na3 Qxe4 22. Nb1 d3 23. Nd2 Qb4 24. b3 Nc6 25. a3 Qb6 26. b4
Bxa1 27. Rxa1 Qd4 28. Rf1 Kg7 29. Nf3 Qb2 30. Nh4 Nce5 31. Re1 d2 32. Rf1
Qd4 33. Rd1 Nc4 34. h3 Qe4 35. Bxd2 Nxd2 36. Rxd2 Qe1+ 37. Kh2 Qxd2 38. Qc7
Nxh4 39. Qg3+ Ng6 40. h4 Rh8 41. h5 Rxh5+ 42. Kg1 Qe1# { White checkmated }
0-1

[Event "ICC tourney 2556 (25 5)"]
[Site "Internet Chess Club"]
[Date "2021.05.09"]
[Round "6"]
[White "RUTHERFORD, ELI:K05-16195682"]
[Black "GUDAVALLI, SAATVIK:K05-16242267"]
[Result "0-1"]
[ICCResult "White checkmated"]
[WhiteElo "785"]
[BlackElo "962"]
[Opening "Sicilian defense"]
[ECO "B30"]
[NIC "SI.31"]
[Time "13:32:56"]
[PlyCount "126"]
[TimeControl "1500+5"]

1. e4 c5 2. Nf3 Nc6 3. Bc4 d6 4. O-O Nf6 5. Nc3 g6 6. d3 Bg7 7. Bf4 O-O 8.
Nd5 Bg4 9. h3 Be6 10. Nxf6+ exf6 11. Bxe6 fxe6 12. d4 cxd4 13. Nxd4 Nxd4
14. Qxd4 e5 15. Qd5+ Kh8 16. Be3 Qd7 17. Bc5 Rfd8 18. Rfd1 Bf8 19. Rd2 b6
20. Bb4 a5 21. Ba3 b5 22. b3 b4 23. Bb2 Ra6 24. Qc4 Rc6 25. Qb5 Rc5 26. Qd3
Qb5 27. a3 Qc6 28. axb4 axb4 29. Ra6 Qc7 30. Ra4 Qb7 31. Qa6 Qb5 32. Qxb5
Rxb5 33. Ra6 Kg7 34. Bc1 d5 35. Ra7+ Kg8 36. c4 Rbb8 37. cxd5 Rbc8 38. Bb2
Bc5 39. g3 Bxa7 40. d6 Bc5 41. d7 Rc7 42. Kg2 Rcxd7 43. Rc2 Bb6 44. Rc6 Ba7
45. Rxf6 Kg7 46. Bxe5 Kg8 47. Bf4 Rf7 48. Bg5 Rxf6 49. Bxf6 Rf8 50. e5 Bb6
51. Bg5 Rxf2+ 52. Kg1 Rf5+ 53. Kg2 Rxg5 54. h4 Rxe5 55. g4 Re2+ 56. Kf3 Rb2
57. Kf4 Rxb3 58. Ke5 Re3+ 59. Kd5 b3 60. Kd6 b2 61. Kd7 b1=Q 62. Kc8 Qc2+
63. Kd7 Qc7# { White checkmated } 0-1

[Event "ICC tourney 2556 (25 5)"]
[Site "Internet Chess Club"]
[Date "2021.05.09"]
[Round "6"]
[White "MANU, SHASHANK:K05-16671710"]
[Black "CHAN, ARTHUR:K05-30015869"]
[Result "0-1"]
[ICCResult "White checkmated"]
[WhiteElo "535"]
[BlackElo "862"]
[Opening "Réti opening"]
[ECO "A04"]
[NIC "QP.10"]
[Time "13:33:17"]
[PlyCount "84"]
[TimeControl "1500+5"]

1. Nf3 c5 2. g3 Nc6 3. Bg2 d5 4. d3 Bf5 5. Nbd2 Nf6 6. O-O e5 7. Re1 Bd6 8.
Nh4 Be6 9. e4 d4 10. Nf5 g6 11. Ng7+ Kd7 12. Nxe6 fxe6 13. Nc4 Qe7 14. Bg5
b5 15. Bxf6 Qxf6 16. Nxd6 Kxd6 17. Rf1 a5 18. f4 Rhf8 19. fxe5+ Qxe5 20.
Rxf8 Rxf8 21. Qe2 Qg5 22. Rf1 Qh6 23. Re1 e5 24. h4 Qg7 25. Bh3 Qg8 26. Qg4
Rd8 27. Rf1 Ne7 28. Rf6+ Kc7 29. Qg5 Qxa2 30. Rf1 Nc6 31. Rf7+ Qxf7 32. b3
Rf8 33. Qg4 Qf2+ 34. Kh1 Qe1+ 35. Kh2 Rf2+ 36. Bg2 Qf1 37. Qh3 Nb4 38. g4
Nxc2 39. Kg3 Qe2 40. h5 Ne3 41. Qh1 Rxg2+ 42. Kh4 Qxg4# { White checkmated
} 0-1

[Event "ICC tourney 2556 (25 5)"]
[Site "Internet Chess Club"]
[Date "2021.05.09"]
[Round "6"]
[White "CHANG, LUCA:K05-16081600"]
[Black "XIA, CHENXIANG:K05-16930170"]
[Result "0-1"]
[ICCResult "White resigns"]
[WhiteElo "1533"]
[BlackElo "1084"]
[Opening "QGD: Tarrasch, Prague variation, Normal position"]
[ECO "D34"]
[NIC "TD.04"]
[Time "13:33:22"]
[PlyCount "70"]
[TimeControl "1500+5"]

1. d4 d5 2. c4 e6 3. Nc3 c5 4. cxd5 exd5 5. Nf3 Nc6 6. g3 Nf6 7. Bg2 Be7 8.
O-O O-O 9. dxc5 Bxc5 10. a3 d4 11. Na4 Be7 12. b4 Qd7 13. b5 Na5 14. Nxd4
Rd8 15. e3 Nc4 16. Qc2 Nd6 17. Nc3 Qc7 18. Bb2 Bg4 19. h3 Bh5 20. a4 Nc4
21. Rac1 Qd7 22. Nce2 Rac8 23. Bc3 Bg6 24. Qb3 Be4 25. Rfd1 Bxg2 26. Kxg2
Qd5+ 27. Kg1 Qe4 28. Bb4 Bxb4 29. Qxb4 Ne5 30. Rxc8 Rxc8 31. Qb2 b6 32. Rc1
Rc5 33. Nc3 Qb7 34. Qd2 h6 35. Nb3 Nf3+ { White resigns } 0-1

[Event "ICC tourney 2556 (25 5)"]
[Site "Internet Chess Club"]
[Date "2021.05.09"]
[Round "6"]
[White "CHAKKIRALA, NITIKA:K05-17289378"]
[Black "T ZHANG, ZACK:K05-16058247"]
[Result "1-0"]
[ICCResult "Black checkmated"]
[WhiteElo "219"]
[BlackElo "644"]
[Opening "French: exchange variation"]
[ECO "C01"]
[NIC "FR.01"]
[Time "13:30:51"]
[PlyCount "99"]
[TimeControl "1500+5"]

1. e4 e6 2. d4 d5 3. exd5 exd5 4. Qe2+ Be7 5. Nc3 Be6 6. Bf4 c5 7. dxc5
Bxc5 8. Qd1 Nf6 9. Nf3 Nc6 10. Bd3 O-O 11. O-O Qb6 12. b3 Nd4 13. Ne5 Nf5
14. Bxf5 Bxf5 15. Nxd5 Nxd5 16. Nd7 Bxd7 17. Qxd5 Bc6 18. Qd1 Rad8 19. Qc1
Rd4 20. Be3 Rd5 21. Bxc5 Qxc5 22. c4 Rd4 23. h3 b5 24. cxb5 Qd5 25. bxc6
Rc8 26. Re1 Re4 27. Rxe4 Qxe4 28. c7 Qe7 29. f4 Rxc7 30. Qe1 g6 31. Qxe7
Rxe7 32. g4 f6 33. a4 Rb7 34. Rb1 Kf7 35. a5 Rb6 36. axb6 axb6 37. Rc1 Kg7
38. Rc6 Kh6 39. Rxb6 g5 40. fxg5+ Kg6 41. Rxf6+ Kg7 42. b4 h6 43. Rxh6 Kg8
44. b5 Kg7 45. b6 Kg8 46. b7 Kf7 47. b8=Q Kg7 48. Qb7+ Kg8 49. Rc6 Kh8 50.
Rc8# { Black checkmated } 1-0

[Event "ICC tourney 2556 (25 5)"]
[Site "Internet Chess Club"]
[Date "2021.05.09"]
[Round "6"]
[White "SRIADITYA KUNAPULI, SIDDARTH:K05-16368693"]
[Black "ENMING LIN, BRYAN:K05-30020975"]
[Result "1-0"]
[ICCResult "Black checkmated"]
[WhiteElo "1533"]
[BlackElo "1192"]
[Opening "Hungarian defense: Tartakower variation"]
[ECO "C44"]
[NIC "SO.06"]
[Time "13:32:57"]
[PlyCount "71"]
[TimeControl "1500+5"]

1. e4 e5 2. Nf3 Nc6 3. d4 exd4 4. Bc4 Be7 5. c3 Nf6 6. e5 Ne4 7. cxd4 d5 8.
Bd3 O-O 9. O-O Bf5 10. a3 Bg6 11. Re1 Qd7 12. Qc2 Qg4 13. h3 Qe6 14. Nbd2
Nxd2 15. Bxd2 Rad8 16. b4 Bh5 17. Bxh7+ Kh8 18. Bf5 Bg6 19. Bxg6 fxg6 20.
Bg5 Rxf3 21. Bxe7 Nxd4 22. Qd2 Qxe7 23. Qxd4 Rf5 24. Rac1 b6 25. Qc3 Rc8
26. Rcd1 Rd8 27. e6 Rd6 28. Re3 c6 29. Qe1 Rf6 30. Rc1 Rdxe6 31. Rxc6 Rxe3
32. Rc8+ Kh7 33. Qxe3 Re6 34. Qd4 Re1+ 35. Kh2 Qd7 36. Qh4# { Black
checkmated } 1-0

[Event "ICC tourney 2556 (25 5)"]
[Site "Internet Chess Club"]
[Date "2021.05.09"]
[Round "6"]
[White "OSCAR LI, JINGTU:K05-16113408"]
[Black "KANNAN, VIJAY:K05-16132744"]
[Result "1-0"]
[ICCResult "Black checkmated"]
[WhiteElo "1407"]
[BlackElo "1618"]
[Opening "Benoni defense"]
[ECO "A60"]
[NIC "BI.38"]
[Time "13:33:57"]
[PlyCount "107"]
[TimeControl "1500+5"]

1. d4 Nf6 2. c4 c5 3. d5 e6 4. dxe6 fxe6 5. Nf3 Be7 6. e3 O-O 7. Bd3 Nc6 8.
O-O e5 9. e4 Nb4 10. Nc3 Nxd3 11. Qxd3 d6 12. Rd1 Kh8 13. Nb5 a6 14. Nxd6
Bxd6 15. Qxd6 Qxd6 16. Rxd6 Nxe4 17. Rd5 Bg4 18. Rxe5 Bxf3 19. gxf3 Nd6 20.
Rxc5 Rxf3 21. Be3 Rf5 22. Rxf5 Nxf5 23. Rd1 h6 24. Rd7 b5 25. cxb5 axb5 26.
Ra7 Rxa7 27. Bxa7 Nd6 28. Kg2 Nc4 29. Bd4 Kh7 30. Kf3 Nd2+ 31. Ke2 Nc4 32.
Kd3 g5 33. Kc3 Kg6 34. Kb4 Nd6 35. Bc5 Ne4 36. Kxb5 Nxc5 37. Kxc5 Kf5 38.
a4 Kf4 39. a5 Kf3 40. a6 Kxf2 41. a7 h5 42. a8=Q g4 43. Qd5 h4 44. Qf5+ Kg2
45. Qxg4+ Kxh2 46. Qxh4+ Kg2 47. b4 Kf3 48. b5 Ke3 49. b6 Kd3 50. b7 Kc3
51. b8=Q Kd3 52. Qb3+ Kd2 53. Qh2+ Kc1 54. Qbc2# { Black checkmated } 1-0

[Event "ICC tourney 2556 (25 5)"]
[Site "Internet Chess Club"]
[Date "2021.05.09"]
[Round "6"]
[White "BERTI, ANDREW:K05-16787803"]
[Black "MANIMARAN, SHIVANI:K05-16614018"]
[Result "1/2-1/2"]
[ICCResult "Game drawn by repetition"]
[WhiteElo "1222"]
[BlackElo "866"]
[Opening "Sicilian"]
[ECO "B50"]
[NIC "SI.01"]
[Time "13:32:07"]
[PlyCount "158"]
[TimeControl "1500+5"]

1. e4 c5 2. Nf3 d6 3. c3 Bd7 4. d4 b6 5. d5 a6 6. c4 e5 7. Nc3 Nf6 8. Be2
h6 9. Bd2 Be7 10. O-O O-O 11. Ne1 Nh7 12. f4 f5 13. fxe5 dxe5 14. Nf3 Bd6
15. Bd3 f4 16. Be1 Bg4 17. Be2 Qe8 18. Nh4 Bxe2 19. Qxe2 Nd7 20. Nf5 Bc7
21. d6 Bd8 22. Nd5 Nhf6 23. Nfe7+ Kh8 24. Rd1 Nxd5 25. Nxd5 Nf6 26. Nxf6
Bxf6 27. Qd2 Qd7 28. Qd5 Rac8 29. Rf3 Rfd8 30. Rfd3 Rc6 31. R3d2 Kh7 32.
Bf2 Kh8 33. a3 a5 34. b3 Kh7 35. h3 Kh8 36. Kh2 Kh7 37. g3 g5 38. g4 Kh8
39. a4 Kh7 40. Kg2 Kh8 41. Kg1 Kh7 42. Kf1 Kh8 43. Kg2 Kh7 44. Kh1 Kh8 45.
Kg1 Kh7 46. Kf1 Kh8 47. Kg2 Kh7 48. Kh1 Kh8 49. Kh2 Kh7 50. Kg1 Kh8 51. Kf1
Kh7 52. Kg2 Kh8 53. Kg1 Kh7 54. Kh2 Kh8 55. Kh1 Kh7 56. Kg1 Kh8 57. Kf1 Kh7
58. Kg2 Kh8 59. Kh2 Kh7 60. Kg1 Kh8 61. Kf1 Kh7 62. Kg2 Kh8 63. Kh2 Kh7 64.
Kg1 Kh8 65. Kh1 Kh7 66. Kh2 Kh8 67. Kg1 Kh7 68. Kf1 Kh8 69. Kg1 Kh7 70. Kh2
Kh8 71. Kh1 Kh7 72. Kg2 Kh8 73. Kg1 Kh7 74. Kf1 Kh8 75. Ke2 Kh7 76. Kf1 Kh8
77. Kg2 Kh7 78. Kg1 Kh8 79. Kh1 Kh7 { Game drawn by repetition } 1/2-1/2

[Event "ICC tourney 2556 (25 5)"]
[Site "Internet Chess Club"]
[Date "2021.05.09"]
[Round "6"]
[White "SATHISH, PRANAV:K05-16464655"]
[Black "STERN, KEVIN:K05-16419450"]
[Result "1/2-1/2"]
[ICCResult "Game drawn by mutual agreement"]
[WhiteElo "1768"]
[BlackElo "1393"]
[Opening "English opening"]
[ECO "A16"]
[NIC "EO.64"]
[Time "13:32:59"]
[PlyCount "73"]
[TimeControl "1500+5"]

1. c4 Nf6 2. Nc3 Nc6 3. g3 e5 4. Bg2 Bb4 5. Nf3 Bxc3 6. bxc3 h6 7. O-O d6
8. d3 O-O 9. Ba3 Re8 10. Qc2 Bf5 11. e4 Be6 12. Rad1 Ne7 13. Qe2 Ng6 14.
Rfe1 Qd7 15. Qc2 Bh3 16. d4 Bxg2 17. Kxg2 Qc6 18. c5 Qa6 19. Qb3 exd4 20.
cxd6 cxd6 21. Rxd4 Rad8 22. Qb4 Qc6 23. Rc4 Qd7 24. Rd1 Re6 25. Rcd4 Qc6
26. Rc4 Rxe4 27. Rxc6 Rxb4 28. Bxb4 bxc6 29. Rxd6 Rxd6 30. Bxd6 Ne4 31. Bb8
Nxc3 32. Bxa7 Nxa2 33. Nd4 Nb4 34. Kf3 Ne7 35. Bc5 Ned5 36. Ke4 f6 37. Nxc6
{ Game drawn by mutual agreement } 1/2-1/2

[Event "ICC tourney 2556 (25 5)"]
[Site "Internet Chess Club"]
[Date "2021.05.09"]
[Round "6"]
[White "PARIZIANU, PHILIP:K05-16138477"]
[Black "CHAN OSBORN, ISAAC:K05-17282877"]
[Result "1/2-1/2"]
[ICCResult "Game drawn because neither player has mating material"]
[WhiteElo "1334"]
[BlackElo "955"]
[Opening "French: advance variation"]
[ECO "C02"]
[NIC "FR.03"]
[Time "13:30:29"]
[PlyCount "108"]
[TimeControl "1500+5"]

1. e4 e6 2. d4 d5 3. e5 Nc6 4. c3 Be7 5. Nf3 f6 6. exf6 Nxf6 7. Bd3 Qd7 8.
Bf4 b6 9. Bb5 Bb7 10. Ne5 Qd6 11. Ng6 Qd7 12. Nxh8 a6 13. Bxc6 Bxc6 14. O-O
Bd6 15. Be5 Bxe5 16. dxe5 Ne4 17. Qh5+ g6 18. Nxg6 hxg6 19. Qxg6+ Qf7 20.
Qxf7+ Kxf7 21. f3 Nc5 22. Nd2 Rg8 23. b3 Nd3 24. f4 Bb5 25. Rf3 Rg4 26. c4
dxc4 27. bxc4 Bc6 28. Rxd3 Rxg2+ 29. Kf1 Rxh2 30. Rg3 Rxd2 31. Rc3 Rh2 32.
Rcc1 Rh1+ 33. Ke2 Rh2+ 34. Kf1 Rh4 35. Ke2 Rxf4 36. Rf1 Rf5 37. Rxf5+ exf5
38. Ke3 Ke6 39. Kd4 Be4 40. a3 c5+ 41. Ke3 Kxe5 42. Rf1 b5 43. cxb5 axb5
44. Rf2 b4 45. axb4 cxb4 46. Rb2 f4+ 47. Kf2 f3 48. Rxb4 Kf4 49. Rb6 Kg4
50. Rb4 Kf4 51. Ra4 Kf5 52. Ra5+ Ke6 53. Ra3 Kf5 54. Rxf3+ Bxf3 { Game
drawn because neither player has mating material } 1/2-1/2

[Event "ICC tourney 2556 (25 5)"]
[Site "Internet Chess Club"]
[Date "2021.05.09"]
[Round "6"]
[White "CHEN, YEWEI:K05-15857340"]
[Black "KOUSTUBH NAMILAE, ANANTH:K05-16701177"]
[Result "0-1"]
[ICCResult "White checkmated"]
[WhiteElo "1051"]
[BlackElo "613"]
[Opening "Giuoco Pianissimo"]
[ECO "C50"]
[NIC "IG.02"]
[Time "13:32:22"]
[PlyCount "140"]
[TimeControl "1500+5"]

1. e4 e5 2. Nf3 Nc6 3. Bc4 Bc5 4. d3 h6 5. a3 Nf6 6. Nc3 d6 7. h3 O-O 8.
O-O Be6 9. Bb3 Bxb3 10. cxb3 Nd4 11. b4 Bb6 12. Be3 c5 13. bxc5 Bxc5 14. b4
Bb6 15. a4 a6 16. a5 Ba7 17. Rc1 Nh5 18. Nxd4 exd4 19. g4 dxe3 20. gxh5
exf2+ 21. Kh2 Rc8 22. d4 d5 23. Nxd5 Rxc1 24. Qxc1 Bb8+ 25. Kh1 Qh4 26. Qe3
Bg3 27. Kg2 g5 28. Qxg3 Qxe4+ 29. Qf3 Qh4 30. Nf6+ Kg7 31. Rxf2 Qxd4 32.
Ng4 f5 33. Nh2 Qxb4 34. Re2 Kh7 35. Nf1 g4 36. hxg4 fxg4 37. Qd3+ Kg8 38.
Qg6+ Kh8 39. Qxh6+ Kg8 40. Qg5+ Kh8 41. Re7 Qb2+ 42. Kg1 Qf2+ 43. Kh1 Qxf1+
44. Kh2 Rf2+ 45. Kg3 Qg2+ 46. Kh4 Qh2+ 47. Kxg4 Rg2+ 48. Kf5 Rxg5+ 49. Kxg5
Qg3+ 50. Kh6 Qf4+ 51. Kg6 Qg4+ 52. Kh6 Qg8 53. Rxb7 Qe6+ 54. Kg5 Qe5+ 55.
Kh6 Qf4+ 56. Kg6 Qe4+ 57. Kh6 Qxb7 58. Kg6 Qc6+ 59. Kg5 Qb5+ 60. Kh6 Qxa5
61. Kg6 Qb6+ 62. Kg5 a5 63. h6 a4 64. h7 a3 65. Kf5 a2 66. Kg5 a1=Q 67. Kf5
Kxh7 68. Kg5 Qf2 69. Kg4 Qag1+ 70. Kh3 Qfh2# { White checkmated } 0-1

[Event "ICC tourney 2556 (25 5)"]
[Site "Internet Chess Club"]
[Date "2021.05.09"]
[Round "6"]
[White "LIN, LEIA:K05-17110828"]
[Black "KUMAR, ANIRUDH:K05-30045956"]
[Result "1-0"]
[ICCResult "Black checkmated"]
[WhiteElo "1256"]
[BlackElo "924"]
[Opening "Ruy Lopez: old Steinitz defense"]
[ECO "C62"]
[NIC "RL.02"]
[Time "13:31:11"]
[PlyCount "139"]
[TimeControl "1500+5"]

1. e4 e5 2. Nf3 Nc6 3. Bb5 d6 4. d4 exd4 5. Nxd4 Bd7 6. Nxc6 Bxc6 7. Bxc6+
bxc6 8. Nc3 Nf6 9. O-O Be7 10. Be3 O-O 11. h3 h6 12. Qd2 d5 13. exd5 Nxd5
14. Nxd5 cxd5 15. Rad1 c6 16. Rfe1 Bf6 17. c3 Qc7 18. Bf4 Qb7 19. b3 Rad8
20. Qe3 Rfe8 21. Qf3 Qa6 22. a4 Qb6 23. Rxe8+ Rxe8 24. Rb1 Qa5 25. Bd2 Qb6
26. Bxh6 Bxc3 27. Be3 Bd4 28. Bf4 Be5 29. Bxe5 Rxe5 30. Qg3 Re6 31. Qd3 Rf6
32. Qd2 d4 33. a5 Qb5 34. Qxd4 Qxa5 35. Ra1 Qb6 36. Qxb6 axb6 37. Ra6 b5
38. Kf1 c5 39. Rxf6 gxf6 40. Ke2 Kg7 41. Kd3 Kg6 42. Ke4 f5+ 43. Kd5 c4 44.
bxc4 bxc4 45. Kxc4 Kg5 46. Kd4 Kf4 47. Kd3 f6 48. Kd4 Kg5 49. Ke3 f4+ 50.
Kf3 f5 51. h4+ Kxh4 52. Kxf4 Kh5 53. Kxf5 Kh4 54. g4 Kh3 55. g5 Kg2 56. g6
Kxf2 57. g7 Ke3 58. g8=Q Ke2 59. Qe6+ Kd3 60. Qd5+ Ke3 61. Qe4+ Kd2 62. Qf3
Kc2 63. Qe3 Kb2 64. Qd3 Ka2 65. Qc3 Kb1 66. Qd2 Ka1 67. Ke4 Kb1 68. Kd3 Ka1
69. Kc3 Kb1 70. Qb2# { Black checkmated } 1-0

[Event "ICC tourney 2556 (25 5)"]
[Site "Internet Chess Club"]
[Date "2021.05.09"]
[Round "6"]
[White "YUXIN ZHANG, SOPHIA:K05-16473046"]
[Black "GOLANN, MATTHEW:K05-16609856"]
[Result "0-1"]
[ICCResult "White checkmated"]
[WhiteElo "664"]
[BlackElo "1057"]
[Opening "Ruy Lopez: Berlin defense, Beverwijk variation"]
[ECO "C65"]
[NIC "RL.07"]
[Time "13:30:44"]
[PlyCount "144"]
[TimeControl "1500+5"]

1. e4 e5 2. Nf3 Nc6 3. Bb5 Nf6 4. O-O Bc5 5. Re1 a6 6. Ba4 O-O 7. d3 h6 8.
Nc3 d6 9. h3 b5 10. Bb3 b4 11. Nd5 Be6 12. Nxf6+ Qxf6 13. Bxe6 fxe6 14. Be3
Bxe3 15. Rxe3 Nd4 16. c3 bxc3 17. bxc3 Nxf3+ 18. Qxf3 Qxf3 19. Rxf3 Rxf3
20. gxf3 Rb8 21. Kg2 Kf7 22. Rg1 Rb2 23. Ra1 Rc2 24. Rb1 Rxc3 25. Rb7 Kf6
26. Kg3 Rxd3 27. Rxc7 Ra3 28. Rc2 h5 29. h4 g5 30. hxg5+ Kxg5 31. Rd2 h4+
32. Kg2 Kf4 33. Rxd6 Rxf3 34. Rxa6 Kxe4 35. Rxe6 Ra3 36. Rh6 Rxa2 37. Rxh4+
Kf5 38. Kf3 Ra3+ 39. Kg2 e4 40. Rh3 Ra2 41. Kg3 Ke5 42. Rh5+ Kd4 43. f3 e3
44. Rh1 Kd3 45. Rd1+ Ke2 46. Rd4 Ke1 47. Re4 e2 48. f4 Kf1 49. Kg4 e1=Q 50.
Rxe1+ Kxe1 51. f5 Ke2 52. Kg5 Ke3 53. f6 Ke4 54. Kg6 Rg2+ 55. Kf7 Kf5 56.
Ke7 Re2+ 57. Kf7 Ra2 58. Ke7 Ra7+ 59. Kd6 Kxf6 60. Kc6 Ke6 61. Kb6 Ra1 62.
Kc5 Rd1 63. Kc6 Rc1+ 64. Kb5 Kd5 65. Kb6 Rc2 66. Kb7 Kd6 67. Kb6 Rb2+ 68.
Ka5 Kc5 69. Ka6 Rb1 70. Ka7 Kc6 71. Ka8 Kc7 72. Ka7 Ra1# { White checkmated
} 0-1